 Dungeon Crawl Stone Soup version 0.27-a0-1384-g1422d76b99 (webtiles) character file.

Game seed: 7051681680230466741

71 wesbby the Ruffian (level 4, -1/44 HPs)
             Began as a Troll Berserker on June 30, 2021.
             Was a Believer of Trog.
             Killed from afar by Sigmund (10 damage)
             ... with a magic dart
             ... on level 2 of the Dungeon.
             The game lasted 00:13:53 (1456 turns).

wesbby the Ruffian (Troll Berserker)                Turns: 1456, Time: 00:13:54

Health: -1/44      AC:  4    Str: 26    XL:     4   Next: 5%
Magic:  3/3        EV: 10    Int:  3    God:    Trog [**....]
Gold:   93         SH:  0    Dex:  9    Spells: 3/3 levels left

rFire    . . .     SeeInvis .     - Unarmed
rCold    . . .     Faith    .   (no shield)
rNeg     . . .     Spirit   .   a - +0 animal skin
rPois    .         Reflect  .   (helmet restricted)
rElec    .         Harm     .   (no cloak)
rCorr    .         Rampage  .   (gloves unavailable)
Will     .....                  (boots unavailable)
Stlth    +.........             (no amulet)
HPRegen  1.14/turn              (no ring)
MPRegen  0.08/turn              (no ring)

@: about to teleport
A: large, unfitting armour, claws 3, regeneration 1, shaggy fur 1, tough skin 1
a: Renounce Religion, Berserk, Trog's Hand


You were on level 2 of the Dungeon.
You worshipped Trog.
Trog was pleased with you.
You visited 1 branch of the dungeon, and saw 2 of its levels.

You collected 93 gold pieces.

Inventory:

Hand Weapons
 d - a +0 club
 f - a +0 dagger
 g - a +0 spectral club
 j - a +0 quarterstaff
 l - a +0 whip
 p - a +0 dagger
Missiles
 b - 82 stones (quivered)
 m - 23 sling bullets
 n - 7 boomerangs
Armour
 a - a +0 animal skin (worn)
 e - a +0 helmet
 h - a +0 leather armour
Magical Staves
 i - a staff of earth
Scrolls
 c - 2 scrolls of identify
 o - a scroll of enchant weapon {unknown}


   Skills:
 + Level 2.9 Fighting
 + Level 3.0 Dodging
 + Level 0.1 Stealth
 + Level 3.9 Unarmed Combat


You had 3 spell levels left.
You didn't know any spells.
Your spell library was empty.

Dungeon Overview and Level Annotations

Branches:
Dungeon (2/15)

Altars:
Qazlal

Annotations:
D:2 Sigmund


Innate Abilities, Weirdness & Mutations

You are too large for most types of armour.
You have claws for hands.
Your natural rate of healing is unusually fast.
You are covered in fur. (AC +1)
You have tough skin. (AC +1)


Message History

Moving in this stuff is going to be slow.
Found a stormy altar of Qazlal.
Sigmund the Dreaded comes into view.
He is wielding a +0 scythe.
Sigmund shouts!
Sigmund gestures at you while chanting.
You are confused.
Sigmund hits you from afar with a +0 scythe.
Sigmund hits you with a +0 scythe. Sigmund hits you with a +0 scythe!
You barely miss Sigmund. Your claw misses Sigmund. Sigmund misses you.
Sigmund hits you with a +0 scythe!
You feel less confused. Sigmund barely misses you.
There is a stormy altar of Qazlal here.
Sigmund gestures at you while chanting.
You are confused.
You barely miss Sigmund. Sigmund closely misses you.
You claw Sigmund!
Sigmund is moderately wounded.
Sigmund hits you with a +0 scythe. Sigmund completely misses you.
Sigmund barely misses you.
You scratch Sigmund but do no damage.
Sigmund is moderately wounded.
Sigmund hits you with a +0 scythe!
You feel less confused. Sigmund barely misses you.
You barely miss Sigmund.
Sigmund is moderately wounded.
Sigmund gestures at you while chanting. You resist with some effort.
You scratch Sigmund.
Sigmund is severely wounded.
Sigmund hits you with a +0 scythe!
* * * LOW HITPOINT WARNING * * *
As you read the scroll of teleportation, it crumbles to dust.
You feel strangely unstable. Sigmund gestures at you while chanting.
The magic dart hits you!
You die...

.............##.###.#
...≈...≈....###.# #.#
PP≈♣≈..P≈♣..###.###.#
≈≈≈≈≈≈≈≈≈♣..........#
≈≈≈≈≈≈≈≈≈...###.###.#
≈≈≈≈≈≈≈♣............#
≈≈≈≈≈≈≈≈#####.......#
♣≈≈≈≈≈≈♣# #..._..##
#≈♣♣♣♣♣# #...@..# ###
#..@...# #....###
######


You could see Sigmund.

Vanquished Creatures
  Robin (D:2)
  An adder (D:2)
  A dart slug (D:1)
  4 ball pythons
  6 bats
  4 endoplasms (D:1)
  2 giant cockroaches (D:1)
  9 goblins
  4 hobgoblins (D:2)
  5 jackals
  A kobold (D:1)
  A quokka (D:1)
  2 rats (D:1)
41 creatures vanquished.

Vanquished Creatures (others)
  41 plants (D:2)
41 creatures vanquished.

Grand Total: 82 creatures vanquished

Notes
Turn   | Place    | Note
-------+----------+-------------------------------------------
     0 | D:1      | wesbby the Troll Berserker began the quest for the Orb.
     0 | D:1      | Reached XP level 1. HP: 22/22 MP: 0/0
   190 | D:1      | Reached XP level 2. HP: 25/29 MP: 1/1
   994 | D:2      | Reached XP level 3. HP: 36/36 MP: 2/2
  1313 | D:2      | Noticed Robin
  1335 | D:2      | Killed Robin
  1335 | D:2      | Reached ** piety under Trog
  1352 | D:2      | Reached XP level 4. HP: 44/44 MP: 3/3
  1434 | D:2      | Found a stormy altar of Qazlal.
  1437 | D:2      | Noticed Sigmund
  1456 | D:2      | Killed from afar by Sigmund

Illustrated notes

Levels and vault maps discovered:
D:1:      sevenhm_arrival_forest_fort_small_3, layout_basic, minivault_4,
          grunt_decor_clamped, minmay_pentomino_w4
D:2:      layout_loops_ring, serial_bayou, serial_bayou_lake_a,
          serial_bayou_pond_c, serial_bayou_lagoon_a, serial_bayou_crossing,
          serial_bayou_ford_a, serial_bayou_pond_d, basic_altar,
          grunt_decor_mini_mirrors, grunt_decor_one_mirror, uniq_robin,
          uniq_sigmund

Skill      XL: |  1  2  3 |
---------------+----------+-----
Dodging        | 3 |  3.0
Fighting       | |  2.9
Stealth        | |  0.1
Unarmed Combat | |  3.9

Action                   |  1- 3 |  4- 6 || total
-------------------------+-------+-------++-------
Melee: Unarmed           |    86 |    14 ||   100
Invok: Berserk           |     1 |       ||     1
  Use: Potion            |     4 |       ||     4
       Scroll            |     4 |     1 ||     5
Armor: Animal skin       |    34 |     1 ||    35
Dodge: Dodged            |    45 |     7 ||    52

Table legend: (Time is in decaauts)
 A = Elapsed time spent in this place.
 B = Non-inter-level travel time spent in this place.
 C = Inter-level travel time spent in this place.
 D = Time resting spent in this place.
 E = Time spent auto-exploring this place.
 F = Levels seen in this place.
 G = Mean time per level.
                   A        B        C        D        E       F      G
               +--------+--------+--------+--------+--------+-----+--------+
         Total |   1510 |    323 |   1187 |      0 |      0 |   2 |  755.0 |
       Dungeon |   1510 |    323 |   1187 |      0 |      0 |   2 |  755.0 |
               +--------+--------+--------+--------+--------+-----+--------+

Top non-repeatable levels by time:
     D:1: 984 daAuts
     D:2: 525 daAuts
